Map: Bridgehead LE (Void)

Players

betaman - Winner!

  • Race: Protoss Protoss
  • League: Silver

Javert

  • Race: Zerg Zerg
  • League: Grandmaster

VOD

Have the link to the VOD?

Description

Time

  • Played on: Sept. 20, 2015, 11:27 p.m.
  • Length: 7:10
Show
View Real Time Build Order
Export as new Build Order

betaman Protoss - Winner!

Build Orders:  

Get SALT Encoding   

  12  0:00  Probe (Chrono Boost)  
  13  0:10  Probe (Chrono Boost)  
  14  0:18  Pylon  
  14  0:21  Probe (Chrono Boost)  
  15  0:36  Probe (Chrono Boost)  
  16  0:46  Probe (Chrono Boost)  
  17  0:56  Probe (Chrono Boost)  
  18  1:06  Probe (Chrono Boost), Nexus  
  19  1:21  Gateway  
  19  1:26  Probe (Chrono Boost)  
  19  1:30  Assimilator  
  20  1:35  Assimilator  
  20  1:40  Probe (Chrono Boost)  
  21  1:50  Probe (Chrono Boost), Pylon  
  22  2:00  Probe (Chrono Boost)  
  23  2:11  Pylon  
  23  2:12  Zealot  
  25  2:17  Cybernetics Core, Probe x2 (Chrono Boost)  
  27  2:27  Probe x2 (Chrono Boost)  
  29  2:37  Probe x2 (Chrono Boost)  
  31  2:47  Probe x2 (Chrono Boost), Warp Gate (Chrono Boost)  
  33  2:54  Mothership Core (Chrono Boost)  
  33  2:57  Probe (Chrono Boost)  
  36  3:02  Pylon  
  36  3:08  Stalker  
  36  3:09  Probe  
  39  3:12  Probe  
  40  3:21  Probe  
  40  3:22  Probe  
  42  3:28  Robotics Facility  
  42  3:33  Probe x2  
  42  3:34  Pylon  
  44  3:43  Probe  
  44  3:46  Probe  
  46  3:55  Probe  
  46  3:57  Assimilator  
  46  4:01  Gateway  
  46  4:02  Gateway  
  47  4:03  Gateway  
  47  4:05  Gateway  
  47  4:07  Gateway  
  47  4:11  Probe  
  47  4:13  Pylon  
  47  4:15  Warp Prism  
  50  4:37  Pylon  
  50  4:38  Pylon  
  50  4:42  Sentry  
  52  4:47  Probe  
  52  4:49  Probe  
  54  5:00  Sentry x3  
  60  5:09  Probe  
  60  5:11  Probe  
  61  5:19  Forge  
  61  5:27  Observer  
  62  5:29  Pylon  
  62  5:31  Pylon  
  62  5:33  Pylon  
  62  5:38  Nexus  
  61  5:43  Adept  
  61  5:48  Observer  
  64  6:00  Adept x3  
  70  6:05  Adept x2  
  68  6:21  Adept x4  
  72  6:33  Stalker  
  72  6:34  Stalker  
  72  6:41  Stalker  
  72  6:42  Stalker  
  72  6:43  Stalker  
  72  6:44  Stalker  
  78  6:49  Gateway  
  78  6:51  Probe x2, Gateway  
  78  6:52  Gateway  
  78  6:53  Probe  
  79  6:55  Gateway  
  79  6:57  Assimilator  
  79  6:59  Stalker  
  79  7:00  Stalker  
Show
View Real Time Build Order
Export as new Build Order

Javert Zerg 

Build Orders: Pool First 

Get SALT Encoding   

  12  0:02  Drone  
  13  0:14  Overlord  
  13  0:22  Drone  
  14  0:33  Drone x2  
  16  0:36  Drone  
  17  0:46  Spawning Pool  
  16  0:50  Drone  
  17  1:01  Drone  
  18  1:23  Hatchery  
  17  1:42  Hatchery  
  16  1:48  Zergling x4  
  18  1:54  Overlord  
  18  2:03  Queen  
  20  2:10  Drone  
  20  2:13  Drone  
  22  2:22  Drone  
  23  2:37  Overlord  
  23  2:38  Queen  
  23  2:44  Extractor  
  24  2:52  Drone x3  
  24  2:56  Queen  
  29  2:59  Overlord  
  29  3:06  Overlord  
  29  3:13  Drone x3  
  32  3:24  Drone x4  
  36  3:42  Drone x5  
  36  3:43  Drone x2  
  43  3:52  Drone x3  
  43  3:53  Drone  
  47  4:06  Drone x6  
  47  4:07  Drone  
  47  4:09  Metabolic Boost  
  54  4:24  Extractor  
  54  4:25  Overlord x2, Extractor  
  54  4:26  Extractor  
  54  4:31  Extractor  
  50  4:34  Extractor  
  50  4:36  Evolution Chamber x2  
  50  4:38  Roach Warren, Drone x6  
  50  4:41  Lair  
  52  4:48  Drone x2  
  52  4:49  Drone x2  
  56  4:57  Drone x5  
  61  5:03  Zerg Missile Weapons Level 1  
  61  5:12  Drone x2  
  61  5:13  Drone x4  
  67  5:23  Drone x5  
  67  5:24  Drone x2  
  67  5:25  Overlord  
  74  5:45  Overlord x3  
  74  5:50  Glial Reconstitution  
  74  5:52  Overlord x4  
  74  6:03  Roach  
  74  6:04  Roach x9  
  81  6:30  Drone  
  81  6:31  Drone x10  
  84  6:38  Roach x3  
Tags
 
Add a new tag
Caveats
  • Supply blocks, unpowered buildings, or Contaminate may cause inaccurate times.
  • Supply counts are checked every 10 seconds.